 Dungeon Crawl Stone Soup version 0.27-a0-955-gb57c80000f (webtiles) character file.

Game seed: 16158518374493608263

98 Glokmah the Unweaver (level 4, -4/31 (35) HPs)
             Began as a Demonspawn Abyssal Knight on Apr 12, 2021.
             Was a Follower of Lugonu.
             Killed by divine providence
             ... invoked by an orc priest
              (16 damage)
             ... on level 3 of the Dungeon.
             The game lasted 00:06:55 (3078 turns).

Glokmah the Unweaver (Demonspawn Abyssal Knight)    Turns: 3078, Time: 00:06:56

HP:   -4/31 (35)    AC: 11    Str: 13    XL:     4   Next: 43%
MP:   6/6           EV: 10    Int: 13    God:    Lugonu [*.....]
Gold: 95            SH:  0    Dex: 13    Spells: 3/3 levels left

rFire    . . .     SeeInvis .   a - +1 spear (vorpal)
rCold    . . .     Faith    .   (no shield)
rNeg     . . .     Spirit   .   g - +0 ring mail
rPois    .         Reflect  .   r - +0 helmet
rElec    .         Harm     .   (no cloak)
rCorr    .         Rampage  .   (no gloves)
Will     .....                  p - +0 pair of boots
Stlth    +.........             (no amulet)
HPRegen  0.10/turn              k - +4 ring of protection
MPRegen  0.10/turn              (no ring)

@: heavily drained
A: spiny 1
a: Renounce Religion, Depart the Abyss


You were on level 3 of the Dungeon.
You worshipped Lugonu.
Lugonu was aware of your devotion.
You visited 1 branch of the dungeon, and saw 3 of its levels.
You visited the Abyss 1 time.

You collected 95 gold pieces.

Inventory:

Hand Weapons
 a - a +1 vorpal spear (weapon)
Missiles
 m - 27 stones
 o - 4 javelins
Armour
 g - a +0 ring mail (worn)
 l - a +0 chain mail
 p - a +0 pair of boots (worn)
 r - a +0 helmet (worn)
Jewellery
 k - a +4 ring of protection (left hand)
Scrolls
 b - a scroll of amnesia {unknown}
 c - a scroll of immolation
 d - 2 scrolls of identify
 f - a scroll of teleportation {unknown}
 h - a scroll of noise {unknown}
 n - 3 scrolls of fog {unknown}
 q - a scroll of magic mapping {unknown}
 t - a scroll of blinking {unknown}
Potions
 i - a potion of cancellation
 v - a potion of mutation {unknown}


   Skills:
 + Level 3.3 Fighting
 * Level 2.8 Polearms
 + Level 2.3 Armour
 + Level 1.4 Dodging
 * Level 3.7 Invocations


You had 3 spell levels left.
You didn't know any spells.
Your spell library contained the following spells:

 Spells                   Type           Power      Damage    Failure   Level
 Magic Dart               Conj           0%         1d3       54%         1
 Blink                    Tloc           N/A        N/A       69%         2
 Call Imp                 Summ           0%         N/A       69%         2
 Slow                     Hex            0%         N/A       69%         2
 Conjure Flame            Conj/Fire      0%         6-21      89%         3
 Mephitic Cloud           Conj/Pois/Air  0%         N/A       89%         3


Dungeon Overview and Level Annotations

Branches:
Dungeon (3/15)

Altars:

Shops:
D:3 (


Innate Abilities, Weirdness & Mutations

You are partially covered in sharp spines.


Message History

The orc hits you but does no damage.
You hit the orc.
You kill the orc!
Lugonu accepts your kill.
You see here a +0 dagger.
You closely miss the orc. The orc is struck by your spines.
The orc barely misses you.
You hit the orc but do no damage.
The orc is moderately wounded.
The orc hits you but does no damage.
You feel drained.
The orc priest calls down the wrath of Beogh upon you.
Beogh smites you!
You barely miss the orc.
The orc is moderately wounded.
The orc hits you but does no damage.
You feel drained.
You hit the orc but do no damage.
The orc is moderately wounded.
The orc hits you with a +0 flail of draining!
You feel drained.
You hit the orc.
You kill the orc!
Lugonu accepts your kill.
You hit the orc.
The orc is heavily wounded.
The orc barely misses you.
You closely miss the orc.
The orc is heavily wounded.
The orc priest calls upon Beogh to heal the orc.
The orc's wounds heal themselves!
The orc is struck by your spines. The orc closely misses you.
You hit the orc but do no damage.
The orc is severely wounded.
The orc hits you with a +0 flail of protection.
You hit the orc.
You kill the orc!
Lugonu accepts your kill.
The orc priest calls down the wrath of Beogh upon you.
Beogh smites you!
Ouch! That really hurt!
You die...

# ### ### ### #
##########8###8###8###
############....................#
.................................
.##......##.#######.............#
.#######......## ###8###8###8#..
.# #####.#..################.. .#
###.....##..@)o#.............
.####...##########g..#...........
###...### ###.......#...........
#...### ##...#####.............
#.### #..### ##............ #...#
#### #............ #...##
##.#......... 8...8# #....#######
#...## ##.####..##


You could see an orc priest and a hobgoblin.

Vanquished Creatures
  3 gnolls (D:3)
  2 adders (D:2)
  2 worms (D:2)
  3 orcs (D:3)
  6 ball pythons
  6 endoplasms
  2 giant cockroaches
  2 goblins
  3 hobgoblins
  3 jackals (D:2)
  2 kobolds
  A quokka (D:2)
  2 bats (D:3)
  A frilled lizard (D:1)
  3 rats
41 creatures vanquished.

Notes
Turn   | Place    | Note
-------+----------+-------------------------------------------
     0 | Abyss:1  | Glokmah the Demonspawn Abyssal Knight began the quest for
                  | the Orb.
     0 | Abyss:1  | Reached XP level 1. HP: 18/18 MP: 2/2
    51 | Abyss:1  | Noticed a small abomination
    55 | Abyss:1  | Noticed a ynoxinul
    58 | Abyss:1  | Noticed a smoke demon
    62 | D:1      | Escaped the Abyss
   632 | D:1      | Reached skill level 1 in Dodging
  1497 | D:2      | Reached * piety under Lugonu
  1557 | D:2      | Gained mutation: You are partially covered in sharp spines.
                  | [demonic ancestry]
  1557 | D:2      | Reached XP level 2. HP: 24/24 MP: 4/4
  1830 | D:2      | Reached XP level 3. HP: 28/29 MP: 5/5
  2747 | D:3      | Found Uvegh's Weapon Emporium.
  2810 | D:3      | Reached XP level 4. HP: 10/35 MP: 6/6
  3078 | D:3      | Killed from afar by an orc priest

Illustrated notes

Levels and vault maps discovered:
D:1:      heliophobic_arrival_henge, layout_basic, minmay_misc_feat_iff,
          grunt_decor_one_mirror, minmay_misc_feat_encased
D:2:      layout_loops_ring
D:3:      layout_rooms, serial_shops, nicolae_shop_statue_plus,
          serial_corexii_hall, corexii_hall_statues_x,
          corexii_hall_statues_deadend, corexii_hall_statues_s,
          corexii_hall_statues_i

Skill      XL: |  1  2 |
---------------+-------+-----
Dodging        | 1 |  1.4
Polearms       | 2 |  2.8
Armour         | 2 |  2.3
Invocations    | 3 |  3.7
Fighting       | |  3.3

Action                   |  1- 3 |  4- 6 || total
-------------------------+-------+-------++-------
Melee: Spear             |    91 |    16 ||   107
Invok: Depart the Abyss  |     1 |       ||     1
  Use: Potion            |     4 |       ||     4
       Scroll            |     2 |       ||     2
Armor: Ring mail         |    22 |     3 ||    25
       Leather armour    |     2 |       ||     2
Dodge: Dodged            |    28 |     6 ||    34

Table legend: (Time is in decaauts)
 A = Elapsed time spent in this place.
 B = Non-inter-level travel time spent in this place.
 C = Inter-level travel time spent in this place.
 D = Time resting spent in this place.
 E = Time spent auto-exploring this place.
 F = Levels seen in this place.
 G = Mean time per level.
                   A        B        C        D        E       F      G
               +--------+--------+--------+--------+--------+-----+--------+
         Total |   3078 |   2842 |    236 |    221 |   2147 |   4 |  769.5 |
       Dungeon |   3016 |   2780 |    236 |    221 |   2147 |   3 | 1005.3 |
         Abyss |     62 |     62 |      0 |      0 |      0 |   1 |   62.0 |
               +--------+--------+--------+--------+--------+-----+--------+

Top non-repeatable levels by time:
     D:1: 1431 daAuts
     D:2: 884 daAuts
     D:3: 701 daAuts
 Abyss:1: 62 daAuts
